 Dungeon Crawl Stone Soup version 0.16.1-7-g2c6721e (console) character file.

35757 Monkaria the Severer (level 13, 0/152 HPs)
             Began as a Deep Dwarf Fighter on Mar 29, 2015.
             Was the Champion of Makhleb.
             Slain by a six-headed hydra (4 damage)
             ... on level 6 of the Lair of Beasts.
             The game lasted 00:43:59 (14081 turns).

Monkaria the Severer (Deep Dwarf Fighter)          Turns: 14081, Time: 00:44:00

Health: 0/152      AC: 16    Str: 20      XL:     13   Next: 49%
Magic:  6/6        EV:  8    Int:  9      God:    Makhleb [******]
Gold:   722        SH:  0    Dex: 17 (18) Spells: 0 memorised, 12 levels left

rFire  . . .     SeeInvis .     n - +5 broad axe {antimagic, rPois Str-5 Stlth+}
rCold  + . .     Rnd*Rage +     N - +3 chain mail {rC+}
rNeg   . . .     SustAb   .     (no shield)
rPois  +         Gourm    .     (helmet restricted)
rElec  .         Spirit   .     u - +1 cloak
rCorr  .         Warding  .     (no gloves)
rMut   .         Stasis   .     W - +0 pair of boots of Serendipity {-Cast MR++}
MR     +++..     NoCast   +     (no amulet)
Stlth  ..........               P - +2 ring of protection
                                v - +6 ring of dexterity

@: non-regenerating, studying Stealth, extremely resistant to hostile
enchantments, extremely unstealthy
A: damage resistance, recharge devices, antennae 1, berserk 1, deformed body,
sense surroundings 2, robust 2, slow healing 3
a: Device Recharging, Minor Destruction, Lesser Servant of Makhleb, Major
Destruction, Greater Servant of Makhleb, Renounce Religion


You were on level 6 of the Lair of Beasts.
You worshipped Makhleb.
Makhleb was exalted by your worship.
You were hungry.

You visited 3 branches of the dungeon, and saw 17 of its levels.
You also visited: Ossuary and Ice Cave.

You collected 1156 gold pieces.
You spent 434 gold pieces at shops.

Inventory:

Hand weapons
 n - the +5 broad axe of the Whelk (weapon) {antimagic, rPois Str-5 Stlth+}
   (You acquired it on level 8 of the Dungeon)

   It disrupts the flow of magical energy around spellcasters and certain
   magical creatures (including the wielder).
   It affects your strength (-5).
   It protects you from poison.
   It makes you more stealthy.
 L - a +3 scimitar of draining
Missiles
 b - 34 poisoned needles
Armour
 c - a +3 chain mail of poison resistance
 u - a +1 cloak (worn)
 x - the +4 scale mail of the Enchanted Forest {Regen+ Int+4}
   (You found it in an ice cave)

   It affects your intelligence (+4).
   It increases your rate of regeneration.
 N - a +3 chain mail of cold resistance (worn)
 Q - the +3 scale mail of Prudence {+Blink rC- Int+3 SInv Stlth+}
   (You found it on level 5 of the Lair of Beasts)

   It affects your intelligence (+3).
   It makes you vulnerable to cold.
   It enhances your eyesight.
   It lets you blink.
   It makes you more stealthy.
 W - the +0 pair of boots of Serendipity (worn) {-Cast MR++}
   (You bought it in a shop on level 4 of the Dungeon)

   It affects your resistance to hostile enchantments.
   It prevents spellcasting.
Jewellery
 l - an uncursed ring of positive energy
 t - an uncursed ring of see invisible
 v - a +6 ring of dexterity (left hand)
 y - an uncursed ring of protection from fire
 P - a +2 ring of protection (right hand)
 S - an uncursed ring of ice
Magical devices
 d - a wand of heal wounds (2)
 k - a wand of draining (6)
 E - a wand of fire (0)
 I - a wand of fireball (3)
 O - a wand of frost (30)
 R - a wand of fire (0)
 X - a wand of fireball (0)
Scrolls
 a - a scroll of magic mapping
 i - a scroll of fog
 j - 5 scrolls of remove curse
 q - 2 scrolls of blinking
 A - 7 scrolls of teleportation
 B - 2 scrolls of recharging
 C - a scroll of enchant weapon
 G - 4 scrolls of fear
 K - 3 scrolls of identify
Potions
 e - 3 potions of might
 g - a potion of agility
 h - 2 potions of brilliance
 o - a potion of cure mutation {unknown}
 p - 5 potions of haste
 r - 3 potions of curing
 s - a potion of degeneration {unknown}
 F - 6 potions of heal wounds
 T - a potion of berserk rage
Books
 m - a book of the Tempests

   Spells                             Type                      Level
   a - Static Discharge               Conjuration/Air              3
   b - Lightning Bolt                 Conjuration/Air              5
   c - Fireball                       Conjuration/Fire             5
   d - Tornado                        Air                          9
   e - Shatter                        Earth                        9
 z - a manual of Stealth
 J - a book of Conjurations

   Spells                             Type                      Level
   a - Magic Dart                     Conjuration                  1
   b - Searing Ray                    Conjuration                  2
   c - Dazzling Spray                 Conjuration/Hexes            3
   d - Fulminant Prism                Conjuration/Hexes            4
   e - Iskenderun's Mystic Blast      Conjuration                  4
   f - Iskenderun's Battlesphere      Conjuration/Charms           5
Comestibles
 f - 6 bread rations
 w - 2 meat rations
 D - 3 fruits
 H - 2 slices of pizza


   Skills:
 - Level 11.0 Fighting
 - Level 17.0 Axes
 + Level 10.2 Armour
   Level 3.2 Shields
 - Level 10.0 Invocations


You had 12 spell levels left.
You didn't know any spells.

Dungeon Overview and Level Annotations

Branches:
Dungeon (10/15)            Temple (1/1) D:4            Lair (6/8) D:10
    Orc (0/4) D:9
  Swamp: Lair:3-6    Shoals: Lair:3-6     Snake: Lair:3-6    Spider: Lair:3-6
  Slime: Lair:6-8

Altars:
Ashenzari
Cheibriados
Dithmenos
Elyvilon
Fedhas
Gozag
Kikubaaqudgha
Makhleb
Nemelex Xobeh
Okawaru
Qazlal
Ru
Sif Muna
Trog
Vehumet
Xom
Yredelemnul
Zin
The Shining One

Shops:
D:4 [::*}   D:5 *   D:10 %


Innate Abilities, Weirdness & Mutations

You are resistant to damage.
You can recharge devices by infusing magical energy.
You passively map the area around you.
You do not heal naturally.
You have a pair of small antennae on your head.
You tend to lose your temper in combat.
Armour fits poorly on your strangely shaped body.
You are very robust (+20% HP).


Message History

The six-headed hydra bites you but does no damage. x3
The six-headed hydra bites you!
* * * LOW HITPOINT WARNING * * *
The six-headed hydra barely misses you.
The six-headed hydra bites you but does no damage.
Unknown command.
Unknown command.
You hit the six-headed hydra.
The six-headed hydra is almost dead.
The six-headed hydra bites you but does no damage.
The six-headed hydra bites you!
* * * LOW HITPOINT WARNING * * *
The six-headed hydra bites you.
* * * LOW HITPOINT WARNING * * *
The six-headed hydra bites you.
* * * LOW HITPOINT WARNING * * *
The six-headed hydra bites you!
* * * LOW HITPOINT WARNING * * *
The six-headed hydra bites you.
You die...

, #.. ** , , ,
, ##.#..##.
,..#.....#.. ,
, , , ,
........... ,
, ......)....,
, *
*P......... ,
, .........##
, ,**
*#..........#
, #.....D@..#
*, , , ,
#..........#*,
*P.........# ,
, *..........#
, , *
*#.PP.....##*
,,, , *
#PP#.#### , ,
*,* * **#### *
* , * * *


You could see a six-headed hydra.

Vanquished Creatures
  3 hydras
  The ghost of ventricule the Severer, a powerful MiBe of Trog (Lair:2)
  The ghost of Monkaria the Protected, an experienced MiSk of Nemelex Xobeh (D:9)
  Nergalle (D:10)
  Erolcha (D:10)
  2 skeletal warriors (D:10)
  An ice devil (IceCv)
  3 ice statues (IceCv)
  Pikel (D:5)
  A necromancer (IceCv)
  A griffon (Lair:5)
  2 black mambas
  3 centaur skeletons (D:10)
  4 spiny frogs
  A queen ant (Lair:1)
  2 fire drakes
  A komodo dragon (Lair:4)
  10 blue devils (IceCv)
  A troll (D:9)
  8 blink frogs
  A basilisk (Lair:5)
  A wyvern (D:8)
  A shadow (D:10)
  2 flying skulls (D:10)
  A deep elf mage (D:10)
  7 yaks (Lair:1)
  3 hippogriffs
  2 hungry ghosts
  8 soldier ants
  8 water moccasins
  Edmund (D:5)
  4 wolves (Lair:2)
  3 sky beasts
  3 orc warriors
  3 porcupines
  4 centaurs
  4 ogres
  A black bear (Lair:3)
  3 ice beasts
  4 necrophages (D:10)
  4 phantoms
  7 crocodiles
  Sigmund (D:5)
  Duvessa (D:6)
  9 giant frogs
  A big kobold (D:8)
  Blork the orc (D:5)
  2 wyvern zombies
  4 scorpions
  2 jellies
  3 wights (D:10)
  Dowan (D:6)
  7 centaur zombies
  2 goliath beetles (D:9)
  6 giant frog zombies
  A quasit (D:6)
  4 crimson imps
  10 hounds
  7 orc wizards
  Crazy Yiuf (D:2)
  7 orc priests
  3 giant frog skeletons
  6 iguanas
  38 worker ants
  2 spectral orcs (D:10)
  2 troll simulacra (IceCv)
  4 sheep (Lair:2)
  2 spriggan simulacra (IceCv)
  2 big kobold zombies (Ossuary)
  2 centaur simulacra (IceCv)
  A killer bee zombie (D:10)
  Ijyb (D:7)
  8 mummies
  2 hound zombies
  2 hound skeletons
  Robin (D:4)
  4 worker ant zombies
  2 naga simulacra (IceCv)
  44 river rats
  16 adders
  A gnoll (D:1)
  2 ogre simulacra (IceCv)
  4 shadow imps
  5 worms
  4 giant mites
  An adder skeleton (D:9)
  6 giant geckos
  41 orcs
  4 ball pythons
  A bat skeleton (D:4)
  4 giant cockroaches
  20 goblins
  14 hobgoblins
  15 quokkas
  10 bats
  7 giant newts
  A giant spore (D:6)
  2 hobgoblin zombies (Ossuary)
  A jackal zombie (D:8)
  15 kobolds
  3 orc zombies (D:5)
  A quokka skeleton (D:5)
  A quokka zombie (D:7)
  10 rats
  A ballistomycete (D:6)
  3 fungi
512 creatures vanquished.

Vanquished Creatures (collateral kills)
  A hydra (Lair:4)
  A butterfly (Lair:4)
2 creatures vanquished.

Vanquished Creatures (others)
  An Executioner (Lair:3)
  A cacodemon (Lair:4)
  A blizzard demon (Lair:3)
  2 goblins (D:5)
  3 butterflies (D:8)
8 creatures vanquished.

Grand Total: 522 creatures vanquished

Notes
Turn   | Place    | Note
--------------------------------------------------------------
     0 | D:1      | Monkaria, the Deep Dwarf Fighter, began the quest for the Orb.
     0 | D:1      | Reached XP level 1. HP: 20/20 MP: 1/1
   275 | D:1      | Reached XP level 2. HP: 27/27 MP: 2/2
   605 | D:1      | Reached XP level 3. HP: 18/34 MP: 3/3
   741 | D:2      | Found a sparkling altar of Nemelex Xobeh.
   826 | D:2      | Noticed Crazy Yiuf
   847 | D:2      | Killed Crazy Yiuf
   847 | D:2      | Reached skill level 4 in Fighting
   847 | D:2      | Reached XP level 4. HP: 31/44 MP: 4/4
  1826 | D:3      | Reached XP level 5. HP: 19/51 MP: 5/5
  1830 | D:3      | Noticed a giant frog
  1840 | D:3      | Killed a giant frog
  1840 | D:3      | Reached skill level 5 in Fighting
  2172 | D:4      | Reached skill level 6 in Fighting
  2172 | D:4      | Reached XP level 6. HP: 20/62 MP: 5/5
  2212 | D:4      | Found Twuifaek's Gadget Emporium.
  2254 | D:4      | Noticed Robin
  2264 | D:4      | Killed Robin
  2379 | D:4      | Found Guyfalou's General Store.
  2382 | D:4      | Bought a potion of heal wounds for 70 gold pieces
  2382 | D:4      | Bought a scroll of identify for 28 gold pieces
  2382 | D:4      | Bought a scroll of remove curse for 42 gold pieces
  2382 | D:4      | Bought a scroll of fear for 49 gold pieces
  2387 | D:4      | Gained mutation: Armour fits poorly on your strangely shaped body. [potion of mutation]
  2387 | D:4      | Gained mutation: Your mind is acute. (Int +2) [potion of mutation]
  2387 | D:4      | Gained mutation: You tend to lose your temper in combat. [potion of mutation]
  2410 | D:4      | Found a sacrificial altar of Ru.
  2450 | D:4      | Noticed a phantom
  2475 | D:4      | Killed a phantom
  2475 | D:4      | Reached skill level 7 in Fighting
  2513 | D:4      | Reached XP level 7. HP: 40/72 MP: 6/6
  2546 | D:4      | Found Khav's Book Shoppe.
  2768 | D:4      | Found Bliogesh's Antique Armour Emporium.
  2784 | D:4      | Found a staircase to the Ecumenical Temple.
  2912 | Temple   | Entered the Ecumenical Temple
  2965 | Temple   | Became a worshipper of Makhleb the Destroyer
  3032 | D:4      | Found Kaxummo's Book Emporium.
  3139 | D:5      | Entered Level 5 of the Dungeon
  3139 | D:5      | Noticed Blork the orc
  3153 | D:5      | Killed Blork the orc
  3206 | D:5      | Noticed Pikel
  3219 | D:5      | Killed Pikel
  3219 | D:5      | Reached skill level 9 in Fighting
  3219 | D:5      | Reached XP level 8. HP: 45/85 MP: 7/7
  3331 | D:5      | Found Shoecyky's Assorted Antiques.
  3381 | D:5      | Bought a scroll of identify for 46 gold pieces
  3439 | D:5      | Noticed Sigmund
  3451 | D:5      | Killed Sigmund
  3562 | D:5      | Acquired Makhleb's first power
  3562 | D:5      | Reached skill level 5 in Axes
  3776 | D:5      | Noticed Edmund
  3793 | D:5      | Killed Edmund
  4364 | D:6      | Gained mutation: You passively map the area around you. [level up]
  4364 | D:6      | Reached XP level 9. HP: 23/91 MP: 7/7
  4368 | D:6      | Gained mutation: You have a pair of small antennae on your head. [mutagenic meat]
  4369 | D:6      | Gained mutation: You are robust (+10% HP). [mutagenic meat]
  4492 | D:6      | Acquired Makhleb's second power
  4854 | D:6      | Noticed Duvessa
  4855 | D:6      | Noticed Dowan
  4864 | D:6      | Killed Duvessa
  4881 | D:6      | Killed Dowan
  5282 | D:7      | Found a shimmering altar of Xom.
  5497 | D:7      | Noticed Ijyb
  5510 | D:7      | Killed Ijyb
  5647 | D:7      | Gained mutation: You evolve. [mutagenic meat]
  5648 | D:7      | Gained mutation: You are very robust (+20% HP). [mutagenic meat]
  5768 | D:7      | Acquired Makhleb's third power
  5768 | D:7      | Reached skill level 10 in Axes
  5812 | D:7      | Found a bloodstained altar of Trog.
  6201 | D:8      | Identified a scroll of acquirement
  6202 | D:8      | Got a bloodstained broad axe
  6206 | D:8      | Identified the +5 broad axe of the Whelk {antimagic, rPois Str-5 Stlth+} (You acquired it on level 8 of the Dungeon)
  6212 | D:8      | Reached skill level 11 in Axes
  6287 | D:8      | Found a sand-covered staircase.
  6296 | Ossuary  | Entered an ossuary
  6306 | Ossuary  | Acquired Makhleb's fourth power
  6306 | Ossuary  | Reached XP level 10. HP: 58/118 MP: 2/6
  6320 | Ossuary  | Lost mutation: Your mind is acute. (Int +2) [evolution]
  6664 | D:8      | Reached skill level 12 in Axes
  6866 | D:9      | Noticed Monkaria's ghost (experienced MiSk)
  6900 | D:9      | Killed Monkaria's ghost
  6989 | D:9      | Reached skill level 13 in Axes
  7053 | D:9      | Found a runed door.
  7055 | D:9      | Found a runed door.
  7080 | D:9      | Acquired Makhleb's fifth power
  7366 | D:9      | Found a staircase to the Orcish Mines.
  7483 | D:10     | Entered Level 10 of the Dungeon
  7527 | D:10     | Found a blossoming altar of Fedhas.
  7622 | D:10     | Lost mutation: You evolve. [mutagenic meat]
  7623 | D:10     | Gained mutation: You have a pair of antennae on your head. [mutagenic meat]
  7666 | D:10     | Found a staircase to the Lair.
  7668 | D:10     | Noticed Nergalle
  7685 | D:10     | Reached skill level 14 in Axes
  7701 | D:10     | Reached skill level 10 in Armour
  7701 | D:10     | Reached XP level 11. HP: 94/127 MP: 2/7
  7838 | D:10     | Noticed Erolcha
  7847 | D:10     | Killed Erolcha
  7882 | D:10     | Noticed a skeletal warrior
  7931 | D:10     | XOM: divination: magic mapping
  7957 | D:10     | Drew Focus: Str increased to 23, Int decreased to 9
  7959 | D:10     | Lost mutation: You have a pair of antennae on your head. [helix card]
  7972 | D:10     | Drew Focus: Str increased to 24, Int decreased to 8
  7977 | D:10     | HP: 3/127 [skeletal warrior/trident of venom (21)]
  7983 | D:10     | Killed a skeletal warrior
  8060 | D:10     | Reached skill level 15 in Axes
  8060 | D:10     | Reached XP level 12. HP: 101/136 MP: 1/5
  8212 | D:10     | Found Sacaarik's Food Shoppe.
  8320 | D:10     | Killed Nergalle
  8557 | D:10     | Noticed a skeletal warrior
  8572 | D:10     | Killed a skeletal warrior
  8932 | D:4      | Bought a pair of bloodstained boots for 199 gold pieces
  8937 | D:4      | Identified the +0 pair of boots of Serendipity {-Cast MR++} (You bought it in a shop on level 4 of the Dungeon)
  9158 | Lair:1   | Entered Level 1 of the Lair of Beasts
  9522 | Lair:1   | Reached skill level 16 in Axes
 10341 | Lair:2   | Noticed a four-headed hydra
 10365 | Lair:2   | Killed a five-headed hydra
 10495 | Lair:2   | Reached skill level 5 in Invocations
 10719 | Lair:2   | Noticed ventricule's ghost (powerful MiBe)
 10830 | Lair:2   | Killed ventricule's ghost
 11418 | Lair:3   | Noticed a six-headed hydra
 11428 | Lair:3   | Killed a six-headed hydra
 11499 | Lair:3   | Reached XP level 13. HP: 53/145 MP: 6/18
 12186 | Lair:4   | Reached skill level 10 in Invocations
 12305 | Lair:4   | Reached skill level 17 in Axes
 12914 | Lair:5   | Found a frozen archway.
 12934 | IceCv    | Entered an ice cave
 13015 | IceCv    | Reached skill level 10 in Fighting
 13391 | IceCv    | Got a twisted scale mail
 13475 | IceCv    | Identified the +4 scale mail of the Enchanted Forest {Regen+ Int+4} (You found it in an ice cave)
 14037 | Lair:5   | Got an encrusted scale mail
 14048 | Lair:5   | Identified the +3 scale mail of Prudence {+Blink rC- Int+3 SInv Stlth+} (You found it on level 5 of the Lair of Beasts)
 14081 | Lair:6   | HP: 4/152 [six-headed hydra (7)]
 14081 | Lair:6   | Slain by a six-headed hydra

Action                   |  1- 3 |  4- 6 |  7- 9 | 10-12 | 13-15 || total
-------------------------+-------+-------+-------+-------+-------++-------
Melee: War axe           |   100 |   218 |   452 |       |       ||   770
       Broad axe         |       |       |    35 |   674 |   321 ||  1030
Invok: Greater Servant o |       |       |       |     2 |     2 ||     4
       Minor Destruction |       |       |       |     1 |     7 ||     8
 Abil: Device Recharging |       |     1 |     3 |     3 |       ||     7
Evoke: Wand              |     2 |     7 |    21 |    33 |    10 ||    73
       Deck              |       |       |       |     9 |       ||     9
  Use: Scroll            |       |     6 |    17 |     8 |     2 ||    33
       Potion            |       |     1 |       |     7 |     1 ||     9
 Stab: Invisible         |       |       |       |       |     2 ||     2
  Eat: Chunk             |       |     6 |    20 |    26 |     9 ||    61
       Beef jerky        |       |       |     1 |       |       ||     1
       Royal jelly       |       |       |       |       |     1 ||     1
